 Dungeon Crawl Stone Soup version 0.30.0-30-g96aa6591b8 (webtiles) character file.

Game seed: 383298079436594593

12070 Dordric the Frost Mage (level 11, -5/72 HPs)
             Began as a Barachi Ice Elementalist on June 27, 2023.
             Was a High Priest of Okawaru.
             Slain by a troll (9 damage)
             ... on level 11 of the Dungeon.
             The game lasted 00:30:57 (11220 turns).

Dordric the Frost Mage (Barachi Ice Elementalist)  Turns: 11220, Time: 00:30:58

Health: -5/72      AC: 27    Str:  9    XL:     11   Next: 87%
Magic:  13/16      EV: 13    Int: 19    God:    Okawaru [*****.]
Gold:   766        SH:  0    Dex: 17    Spells: 4/16 levels left

rFire   . . .        d - +10 lajatang of the Extremely Mad {flame, rCorr Int+3}
rCold   . . .        (shield currently unavailable)
rNeg    . . .        S - +0 steam dragon scales
rPois   .            T - +0 helmet
rElec   .            K - +1 cloak
rCorr   +            N - +0 pair of gloves
SInv    .            t - +0 pair of boots
Will    .....        p - amulet of magic regeneration
Stlth   ++           l - +4 ring of protection
HPRegen 0.32/turn    m - +4 ring of protection
MPRegen 0.55/turn

%: no passive effects
@: ice-armoured, freezing walls, slow
A: amphibious, slowness 1, strong legs 1, +LOS
a: Hop, Renounce Religion, Heroism, Finesse, Duel


You were on level 11 of the Dungeon.
You worshipped Okawaru.
Okawaru was extremely pleased with you.
You visited 2 branches of the dungeon, and saw 12 of its levels.
You also visited: Sewer and Bailey.

You collected 766 gold pieces.

Inventory:

Hand Weapons
 d - the +10 lajatang of the Extremely Mad (weapon) {flame, rCorr Int+3}
   (You acquired it on level 5 of the Dungeon)

   Int:       It affects your intelligence (+3).
   rCorr:     It protects you from acid and corrosion.
 s - a +2 dagger of venom
 P - a +2 heavy arbalest
 U - a +4 long sword
 V - a +2 scimitar of flaming
Armour
 a - a +0 robe
 f - a +0 leather armour
 g - a +0 buckler
 j - a +0 ring mail
 t - a +0 pair of boots (worn)
 K - a +1 cloak (worn)
 N - a +0 pair of gloves (worn)
 R - a +0 crystal plate armour
 S - +0 steam dragon scales (worn)
 T - a +0 helmet (worn)
Magical Staves
 Q - the staff of air "Boewogur" {rElec rPois}
   (You found it in a bailey)

   [staff of air]

   Base accuracy: +5 Base damage: 5 Base attack delay: 1.2 This weapon's minimum
   attack delay (0.6) is reached at skill level 12.
   rElec:     It insulates you from electricity.
   rPois:     It protects you from poison.
   It falls into the 'Staves' category.
   It is a one-handed weapon.
Jewellery
 k - a +6 ring of strength
 l - a +4 ring of protection (left hand)
 m - a +4 ring of protection (right hand)
 p - an amulet of magic regeneration (around neck)
 w - a +5 ring of evasion
 B - a +6 ring of dexterity
 H - a ring of resist corrosion
Wands
 o - a wand of light (2)
 G - a wand of flame (12)
 J - a wand of iceblast (17)
 O - a wand of digging (7)
 W - a wand of mindburst (5)
Scrolls
 e - 2 scrolls of poison
 h - 3 scrolls of immolation
 n - 6 scrolls of amnesia
 u - a scroll of blinking
 v - a scroll of brand weapon
 y - 5 scrolls of enchant armour
 z - a scroll of teleportation
 A - a scroll of enchant weapon
 E - 2 scrolls of fog
 F - a scroll of fear
 M - a scroll of summoning
Potions
 b - a potion of magic
 c - 3 potions of heal wounds
 i - 2 potions of mutation
 q - 2 potions of cancellation
 r - 2 potions of brilliance
 x - a potion of attraction
 C - 3 potions of curing {unknown}
 D - 3 potions of haste {unknown}
 I - 2 potions of flight {unknown}
 L - a potion of might {unknown}


   Skills:
 - Level 2.0 Fighting
 + Level 12.1 Long Blades
 - Level 2.8 Dodging
 - Level 2.4 Stealth
 - Level 3.3 Spellcasting
 + Level 8.2 Conjurations
 + Level 13.3 Ice Magic
 + Level 8.2 Air Magic


You had 4 spell levels left.
You knew the following spells:

 Your Spells              Type           Power      Damage    Failure   Level
a - Freeze                Ice            100%       1d10      1%          1
b - Frozen Ramparts       Ice            100%       1d16      1%          3
c - Ozocubu's Armour      Ice            52%        N/A       1%          3
d - Freezing Cloud        Conj/Ice/Air   20%        6-21      7%          5

Your spell library contained the following spells:

 Spells                   Type           Power      Damage    Failure   Level
 Kiss of Death            Conj/Necr      72%        2d10      2%          1
 Poisonous Vapours        Pois/Air       36%        N/A       4%          2
 Mephitic Cloud           Conj/Pois/Air  24%        N/A       4%          3
 Stone Arrow              Conj/Erth      36%        3d9       9%          3
 Vhi's Electric Charge    Tloc/Air       36%        N/A       9%          3
 Sandblast                Erth           6%         2d5       14%         1
 Lesser Beckoning         Tloc           6%         N/A       22%         2
 Passwall                 Tmut/Erth      2%         N/A       22%         2
 Confusing Touch          Hex            3%         N/A       41%         3
 Gell's Gravitas          Tloc           3%         N/A       41%         3
 Teleport Other           Tloc           3%         N/A       41%         3
 Dispel Undead            Necr           3%         3d7       82%         4
 Petrify                  Tmut/Erth      3%         N/A       82%         4
 Arcjolt                  Conj/Air       17%        1d27      14%         5
 Metabolic Englaciation   Hex/Ice        14%        N/A       26%         5
 Plasma Beam              Fire/Air       9%         2x1d21    99%         6
 Statue Form              Tmut/Erth      2%         N/A       100%        6
 Lehudib's Crystal Spear  Conj/Erth      9%         10d4      100%        8
 Summon Ice Beast         Ice/Summ       Unusable   N/A       N/A         4
 Animate Armour           Summ/Erth      Unusable   N/A       N/A         4

Dungeon Overview and Level Annotations

Branches:
Dungeon (11/15)            Temple (1/1) D:6            Lair (0/5) D:10
    Orc (0/2) D:11          Sewer (visited)          Bailey (visited)

Altars:
Ashenzari
Cheibriados
Dithmenos
Elyvilon
Fedhas
Gozag
Hepliaklqana
Kikubaaqudgha
Makhleb
Nemelex Xobeh
Okawaru
Qazlal
Ru
Sif Muna
Trog
Uskayaw
Vehumet
Wu Jian
Xom
Yredelemnul
Zin
The Shining One


Innate Abilities, Weirdness & Mutations

You are amphibious.
You cover ground slowly.
You can hop short distances.
You have an extended range of vision and can be seen from far away.


Message History

The troll is engulfed in freezing vapours.
You barely miss the troll.
The troll is moderately wounded.
The troll bites you! The troll claws you. x2
You closely miss the troll.
The troll is moderately wounded.
The troll barely misses you. The troll claws you.
The troll claws you but does no damage. The troll bites you!
The troll claws you. The troll claws you but does no damage.
You closely miss the troll.
The troll is lightly wounded.
The troll bites you! The troll claws you but does no damage.
The troll claws you.
Casting: Freezing Cloud (dangerous; 7% risk of failure)
Confirm with . or Enter, or press ? or * to list all spells.
Casting: Frozen Ramparts (safe; 1% risk of failure)
Press: ? - help, Dir - look around, f - activate An open door, spattered with blood.
The walls around you are covered in ice.
The wall freezes the troll.
The troll bites you. The troll claws you!
* * * LOW HITPOINT WARNING * * *
The troll claws you but does no damage.
Casting: Frozen Ramparts (safe; 1% risk of failure)
Confirm with . or Enter, or press ? or * to list all spells.
A film of ice covers your body!
The wall freezes the troll.
The troll misses you. The troll claws you but does no damage.
The troll claws you.
* * * LOW HITPOINT WARNING * * *
You hit the troll. You burn the troll.
The troll is moderately wounded.
The wall freezes the troll.
The troll bites you but does no damage. The troll claws you!
* * * LOW HITPOINT WARNING * * *
The troll claws you but does no damage.
You hit the troll. You burn the troll.
The troll is heavily wounded.
The wall freezes the troll!
The troll closely misses you. The troll completely misses you.
The troll closely misses you.
The wall freezes the troll!
The troll closely misses you. The troll claws you!
You die...

#. #..#.........
.##..#......... #
..§.#.........
..###°..#.........
...○§☼.#..........
.....#.>........#
#...#..........#
##..T#..........#
#....@..........#
#....#..........#
+#######..........#
..................#
..................#
..........<.......#
..................#
..######...........
. #...........


You could see a troll.

Vanquished Creatures
  A hydra (D:9)
  An ogre mage (D:9)
  An orc knight (Bailey)
  Maurice (D:8)
  An efreet (D:9)
  2 unseen horrors (D:10)
  5 trolls
  2 hornets
  Sigmund (D:5)
  A wyvern (D:10)
  2 wraiths
  10 yaks (D:10)
  2 steam dragons (D:9)
  Eustachio (D:5)
  Menkaure (D:5)
  3 water moccasins
  An acid dragon (D:9)
  Duvessa (D:5)
  16 orc warriors
  6 black bears
  An ogre (D:5)
  2 centaurs
  A phantom (D:5)
  A kobold brigand (D:9)
  10 bullfrogs
  A gnoll sergeant (D:7)
  2 scorpions (D:5)
  5 wights (D:9)
  Dowan (D:5)
  6 killer bees (D:9)
  4 orc priests
  An iron imp (D:3)
  6 hounds
  2 jellies
  7 iguanas
  8 orc wizards
  5 gnolls
  12 river rats (D:7)
  11 adders
  A white imp (D:8)
  An ufetubus (D:5)
  3 worms
  4 dart slugs
  38 orcs
  4 bats
  An endoplasm (D:2)
  6 giant cockroaches
  8 goblins
  10 hobgoblins
  A jackal (D:3)
  12 quokkas
  11 ball pythons
  16 frilled lizards
  10 kobolds
  17 rats
288 creatures vanquished.

Notes
Turn   | Place    | Note
-------+----------+-------------------------------------------
     0 | D:1      | Dordric the Barachi Ice Elementalist began the quest for
                  | the Orb.
     0 | D:1      | Reached XP level 1. HP: 13/13 MP: 3/3
   119 | D:1      | Reached XP level 2. HP: 19/19 MP: 5/5
   139 | D:1      | Reached skill level 5 in Ice Magic
   245 | D:1      | Reached XP level 3. HP: 13/24 MP: 6/6
   332 | D:1      | You fall into a shaft and drop 1 floor!
   881 | D:2      | Learned a level 3 spell: Frozen Ramparts
  1081 | D:2      | Found a faded altar of an unknown god.
  1729 | D:3      | Found a basalt altar of Yredelemnul.
  1802 | D:3      | Reached XP level 4. HP: 30/30 MP: 8/8
  1838 | D:3      | Found a sacrificial altar of Ru.
  2047 | D:3      | Reached skill level 1 in Fighting
  2310 | D:3      | Found a snail-covered altar of Cheibriados.
  2329 | D:3      | Reached XP level 5. HP: 10/38 MP: 5/9
  2709 | D:4      | Found a sparkling altar of Nemelex Xobeh.
  2783 | D:4      | Reached skill level 1 in Long Blades
  2783 | D:4      | Reached skill level 6 in Ice Magic
  3040 | D:4      | Reached XP level 6. HP: 24/44 MP: 8/11
  3963 | D:5      | Entered Level 5 of the Dungeon
  3981 | D:5      | Reached skill level 7 in Ice Magic
  4003 | D:5      | Identified a scroll of acquirement
  4003 | D:5      | Acquired the +10 lajatang of the Extremely Mad {flame,
                  | rCorr Int+3}
  4004 | D:5      | Noticed Sigmund
  4025 | D:5      | Killed Sigmund
  4026 | D:5      | Reached XP level 7. HP: 41/50 MP: 12/12
  4069 | D:5      | Noticed Duvessa
  4069 | D:5      | Noticed Dowan
  4072 | D:5      | Killed Dowan
  4075 | D:5      | Killed Duvessa
  4076 | D:5      | Reached skill level 5 in Long Blades
  4076 | D:5      | Reached skill level 8 in Ice Magic
  4126 | D:5      | Found a glowing golden altar of the Shining One.
  4203 | D:5      | Reached XP level 8. HP: 56/56 MP: 13/13
  4303 | D:5      | Reached skill level 9 in Ice Magic
  4346 | D:5      | Noticed Eustachio
  4351 | D:5      | Killed Eustachio
  4375 | D:5      | Found a glowing drain.
  4379 | Sewer    | Entered a sewer
  4790 | D:5      | Noticed Menkaure
  4796 | D:5      | Killed Menkaure
  4797 | D:5      | Reached skill level 10 in Ice Magic
  4871 | D:5      | Found an ornate altar of the Wu Jian Council.
  5124 | D:5      | Learned a level 3 spell: Ozocubu's Armour
  5140 | D:5      | Learned a level 5 spell: Freezing Cloud
  5186 | D:5      | Reached XP level 9. HP: 51/61 MP: 11/14
  5226 | D:6      | Reached skill level 1 in Conjurations
  5226 | D:6      | Reached skill level 1 in Air Magic
  5314 | D:6      | Found a staircase to the Ecumenical Temple.
  5341 | Temple   | Entered the Ecumenical Temple
  5466 | Temple   | Became a worshipper of Warmaster Okawaru
  5856 | D:7      | Found a radiant altar of Vehumet.
  5929 | D:7      | Found a broken altar of Ashenzari.
  6261 | D:7      | Found a shadowy altar of Dithmenos.
  6277 | D:7      | Reached * piety under Okawaru
  6373 | D:7      | Found a glowing silver altar of Zin.
  6376 | D:7      | Found an ancient bone altar of Kikubaaqudgha.
  6830 | D:8      | Noticed Maurice
  6836 | D:8      | Killed Maurice
  6837 | D:8      | Reached skill level 11 in Ice Magic
  7374 | D:8      | Reached XP level 10. HP: 67/67 MP: 13/15
  7769 | D:9      | Reached ** piety under Okawaru
  7919 | D:9      | Found a flagged portal.
  7925 | D:9      | Reached skill level 10 in Long Blades
  7925 | D:9      | Reached skill level 5 in Conjurations
  7925 | D:9      | Reached skill level 5 in Air Magic
  8006 | Bailey   | Entered a bailey
  8718 | Bailey   | Identified the staff of air "Boewogur" {rElec rPois}
  8724 | Bailey   | Noticed an orc knight
  8735 | Bailey   | Killed an orc knight
  8735 | Bailey   | Reached *** piety under Okawaru
  8736 | Bailey   | Reached skill level 12 in Ice Magic
  9404 | D:9      | Reached XP level 11. HP: 70/72 MP: 9/16
  9556 | D:9      | Noticed an ogre mage
  9556 | D:9      | Noticed a four-headed hydra
  9560 | D:9      | Killed a four-headed hydra
  9560 | D:9      | Reached **** piety under Okawaru
  9579 | D:9      | Killed an ogre mage
 10208 | D:10     | Entered Level 10 of the Dungeon
 10281 | D:10     | Reached ***** piety under Okawaru
 10310 | D:10     | Reached skill level 13 in Ice Magic
 10518 | D:10     | Found a staircase to the Lair.
 11199 | D:11     | Found a staircase to the Orcish Mines.
 11220 | D:11     | Slain by a troll

Illustrated notes

Levels and vault maps discovered:
D:1:      saegor_arrival_simple_c, layout_rooms, nicolae_wormholes
D:2:      layout_basic, dreamdust_ecumenical_altar_grove
D:3:      layout_basic, marbit_many_paths, chei_slow_surprise,
          mainiacjoe_overflow_boulevard, nicolae_half_adder,
          uniq_crazy_yiuf_cottage
D:4:      layout_basic, nemelex_xobeh_ov_fountains_minmay
D:5:      layout_basic, lemuel_doored_altar, nzn_wu_jian_contemplation,
          gup_sewer_entry_spiral, uniq_sigmund, uniq_duvessa, uniq_menkaure,
          uniq_eustachio
D:6:      layout_gridville, minmay_temple_entry_trees
D:7:      lemuel_ratsnest, layout_rooms, mainiacjoe_overflow_catwalk_spiral,
          general_overflow_altar, jmf_multi_god_temple,
          nicolae_elevator_lobby_plus
D:8:      layout_gridville, uniq_maurice
D:9:      nzn_winding_woodlands_small [nzn_winding_woodlands_5x15_split_checker,
          nzn_winding_woodlands_center_lodge,
          nzn_winding_woodlands_5x15_sidewinder], layout_loops_corners,
          enter_bailey_7, minmay_misc_feat_rugged, grunt_ministairs_15
D:10:     layout_rooms, due_lair_maze_entry_diamond
D:11:     layout_gridville, orc_0_dummy, portal_ice_cave_rime,
          minmay_misc_feat_columns
Temple:   jpeg_temple_clearing

Skill      XL: |  1  2  3  4  5  6  7  8  9 10 11 |
---------------+----------------------------------+-----
Stealth        | 2 |  2.4
Ice Magic      | 5 6 7 8 10 11 12 13 | 13.3
Fighting       | 1 2 |  2.0
Spellcasting   | 3 |  3.3
Long Blades    | 2 4 5 8 9 10 12 | 12.1
Conjurations   | 4 6 8 |  8.2
Air Magic      | 4 6 8 |  8.2
Dodging        | |  2.8

Action                     |  1- 3 |  4- 6 |  7- 9 | 10-12 || total
---------------------------+-------+-------+-------+-------++-------
  Melee: Dagger            |       |    80 |       |       ||    80
         Lajatang          |       |     3 |   186 |   132 ||   321
         Staff             |       |       |       |    15 ||    15
         Scimitar          |       |       |       |     2 ||     2
   Fire: Sling             |    72 |    42 |       |       ||   114
         Arbalest          |       |       |     1 |       ||     1
   Cast: Freeze            |     4 |     6 |     4 |     3 ||    17
         Frozen Ramparts   |       |     6 |    11 |    18 ||    35
         Ozocubu's Armour  |       |       |     5 |    11 ||    16
         Freezing Cloud    |       |       |       |    31 ||    31
Ability: Hop               |       |     1 |     2 |     1 ||     4
  Evoke: Wand              |       |       |       |     3 ||     3
    Use: Potion            |       |     1 |       |       ||     1
         Scroll            |       |     7 |     7 |     7 ||    21
   Stab: Sleeping          |       |       |     2 |     2 ||     4
 Armour: Robe              |     7 |       |       |    24 ||    31
         Ring mail         |     1 |    44 |   126 |    11 ||   182
         Skin              |       |    10 |       |       ||    10
         Steam dragon scal |       |       |       |    84 ||    84
  Dodge: Dodged            |     8 |    39 |   130 |   144 ||   321
  Block: Buckler           |     1 |    22 |       |     3 ||    26
